Map: Graystone Ravine

Players

Rocky - Winner!

  • Race: Terran Terran
  • Spawn Location: 5:00

ramseslein - Winner!

  • Race: Protoss Protoss
  • Spawn Location: 3:00

Ekelpack

  • Race: Zerg Zerg
  • Spawn Location: 11:00

Nyck

  • Race: Terran Terran
  • League: Silver
  • Spawn Location: 9:00

VOD

Have the link to the VOD?

Description

Time

  • Played on: Nov. 8, 2024, 11:15 a.m.
  • Length: 6:43
Show
View Real Time Build Order
Export as new Build Order

Rocky Terran - Winner!

Build Orders:  

Get SALT Encoding   

  12  0:00  SCV  
  13  0:12  SCV  
  14  0:23  Supply Depot  
  14  0:24  SCV  
  15  0:44  SCV  
  15  0:45  Barracks  
  16  0:56  SCV  
  17  1:00  Refinery  
  17  1:08  SCV  
  18  1:17  Barracks  
  18  1:20  SCV  
  19  1:34  Supply Depot  
  19  1:36  Barracks  
  19  1:37  Marine  
  20  1:43  Orbital Command  
  20  1:55  Marine  
  21  2:06  Marine  
  22  2:09  SCV  
  23  2:17  Barracks  
  23  2:22  Marine  
  23  2:26  Marine  
  23  2:27  Marine  
  26  2:34  Barracks  
  26  2:38  SCV  
  26  2:40  Marine  
  28  2:44  Marine  
  28  2:45  Barracks Tech Lab  
  28  2:51  Supply Depot  
  29  2:58  Marine  
  29  3:02  Marine  
  29  3:04  Marine  
  29  3:05  Combat Shield  
  31  3:12  Marine  
  32  3:14  Supply Depot  
  32  3:16  Marine  
  33  3:20  Marine  
  33  3:22  Marine  
  33  3:24  Marine  
  36  3:30  Marine  
  36  3:34  Marine  
  37  3:37  Supply Depot  
  37  3:38  Marine  
  37  3:40  Marine  
  40  3:42  Marine  
  40  3:48  Marine  
  42  3:51  Marine  
  43  3:55  Marine  
  43  3:58  Marine  
  43  3:59  Supply Depot, Marine  
  46  4:06  Marine  
  46  4:09  Marine  
  48  4:12  Supply Depot  
  48  4:13  Marine  
  49  4:18  Marine x2  
  49  4:23  Marine  
  46  4:54  Marine x3, Reaper  
  46  4:55  Reaper  
  47  5:11  Marine  
  47  5:12  Marine x2  
  47  5:26  Marine x2  
  49  5:29  Marine x2  
  49  5:30  Marine  
  48  5:44  Marine x2  
  48  5:47  Marine x3  
  53  6:02  Marine x2  
  55  6:05  Marine x3  
  55  6:20  Marine x2  
  55  6:23  Marine x3  
Show
View Real Time Build Order
Export as new Build Order

ramseslein Protoss - Winner!

Build Orders:  

Get SALT Encoding   

  12  0:01  Probe  
  13  0:15  Pylon  
  13  0:17  Probe  
  14  0:30  Probe  
  15  0:38  Gateway  
  15  0:42  Probe  
  16  0:53  Forge  
  16  0:54  Probe  
  17  0:59  Assimilator  
  17  1:06  Probe  
  18  1:17  Gateway  
  18  1:18  Probe  
  19  1:28  Photon Cannon  
  19  1:37  Pylon  
  19  1:44  Probe  
  20  2:01  Gateway  
  20  2:03  Gateway  
  20  2:16  Cybernetics Core  
  20  2:40  Warp Gate (Chrono Boost)  
  20  2:58  Twilight Council  
  20  3:05  Pylon  
  20  3:09  Probe  
  21  3:16  Zealot x2  
  21  3:17  Zealot x2  
  29  3:30  Charge (Chrono Boost)  
  29  3:34  Gateway  
  29  4:18  Zealot x2  
  29  4:19  Zealot x2  
  37  4:30  Zealot  
  39  4:44  Zealot x2  
  39  4:45  Zealot x2  
  27  5:00  Zealot  
  27  5:07  Zealot x4  
  31  5:22  Zealot  
  31  5:27  Zealot x4  
  31  5:44  Zealot  
  31  5:47  Zealot x3  
  39  6:22  Pylon x2  
  39  6:26  Pylon  
  39  6:27  Pylon  
Show
View Real Time Build Order
Export as new Build Order

Ekelpack Zerg 

Build Orders: Hatch First 

Get SALT Encoding   

  12  0:00  Drone  
  13  0:13  Overlord  
  13  0:17  Drone  
  14  0:32  Drone  
  14  0:33  Drone  
  16  0:52  Drone  
  16  0:54  Hatchery  
  16  1:07  Spawning Pool  
  16  1:10  Drone  
  16  1:13  Extractor  
  16  1:15  Drone  
  16  1:18  Drone  
  17  1:22  Drone  
  18  1:35  Drone  
  19  1:54  Zergling x2, Overlord  
  20  1:55  Queen  
  22  2:08  Roach Warren  
  21  2:12  Drone  
  22  2:22  Queen  
  24  2:24  Drone  
  25  2:37  Drone  
  25  2:38  Drone  
  25  2:43  Overlord  
  27  2:50  Roach x2  
  27  2:51  Roach  
  33  3:09  Roach x2  
  33  3:10  Roach x2  
  41  3:16  Roach  
  43  3:21  Overlord  
  43  3:40  Roach x2  
  43  3:41  Overlord, Roach  
  49  3:42  Roach  
  51  3:57  Overlord  
  51  4:00  Extractor  
  50  4:08  Roach x4  
  58  4:19  Roach  
  60  4:25  Drone x3  
  60  4:27  Overlord  
  49  4:53  Roach x4  
  56  5:06  Roach  
  28  5:41  Queen, Roach x6  
  35  5:46  Zergling x2  
  35  5:47  Zergling x4  
  35  5:48  Overlord x2  
Show
View Real Time Build Order
Export as new Build Order

Nyck Terran 

Build Orders:  

Get SALT Encoding   

  12  0:00  SCV  
  13  0:12  SCV  
  14  0:18  Supply Depot  
  14  0:24  SCV  
  15  0:40  SCV  
  15  0:41  Barracks  
  16  0:47  Refinery  
  16  0:52  SCV  
  17  1:05  SCV, Barracks  
  18  1:19  SCV  
  18  1:25  Refinery  
  19  1:32  Reaper  
  20  1:34  Orbital Command  
  20  1:54  Supply Depot  
  20  2:00  SCV  
  21  2:15  Command Center  
  21  2:23  Marine x2  
  21  2:26  SCV  
  24  2:40  SCV  
  24  2:43  Marine  
  27  2:46  Barracks Reactor  
  26  3:00  Bunker  
  26  3:03  Marine  
  27  3:06  SCV  
  28  3:15  Factory  
  28  3:21  SCV, Marine  
  28  3:23  Marine  
  28  3:27  Marine  
  31  3:29  Supply Depot  
  31  3:33  SCV  
  33  3:38  Orbital Command  
  33  3:45  SCV, Marine  
  33  3:46  Marine  
  33  3:48  Barracks Tech Lab  
  36  3:57  SCV  
  36  4:02  Starport  
  37  4:05  SCV  
  37  4:09  SCV  
  39  4:17  SCV  
  39  4:19  Marine x2  
  39  4:20  Marauder  
  39  4:21  SCV  
  39  4:23  Combat Shield  
  44  4:29  SCV  
  45  4:33  SCV  
  46  4:41  SCV  
  41  4:46  Marine x2  
  41  4:47  Marauder  
  43  5:04  Marine x2  
  40  5:08  Marine  
  40  5:09  Medivac  
  40  5:11  Hellion  
  43  5:21  Marine  
  43  5:22  Marine  
  37  5:51  Marine  
  37  5:52  Marine, Marauder  
  37  5:54  Hellion  
  37  5:56  Liberator  
  46  6:07  Barracks  
  46  6:11  Marine x2  
  46  6:15  Hellion  
Tags
 
Add a new tag
Caveats
  • Supply blocks, unpowered buildings, or Contaminate may cause inaccurate times.
  • Supply counts are checked every 10 seconds.